 Dungeon Crawl Stone Soup version 0.19-a0-705-gc8e9a4c (webtiles) character file.

1126 Magifyre the Magician (level 8, -8/41 HPs)
             Began as a Deep Elf Fire Elementalist on June 18, 2016.
             Mangled by an ogre
             ... wielding a cursed -1 giant club
              (29 damage)
             ... on level 5 of the Dungeon on June 19, 2016.
             The game lasted 00:36:23 (5256 turns).

Magifyre the Magician (Deep Elf Fire Elementalist)  Turns: 5256, Time: 00:36:24

Health: -8/41      AC:  3    Str:  5    XL:     8   Next: 13%
Magic:  6/19       EV: 13    Int: 23    God:
Gold:   170        SH:  5    Dex: 15    Spells: 6 memorised, 4 levels left

rFire  . . .     SeeInvis .     n - +0 spear
rCold  + . .     Gourm    .     a - +0 robe
rNeg   . . .     Faith    .     r - +0 buckler
rPois  +         Spirit   .     j - +0 helmet
rElec  .         Dismiss  .     (no cloak)
rCorr  .         Reflect  .     (no gloves)
SustAt .         Harm     .     (no boots)
MR     .....                    o - amulet of regeneration
Stlth  ++........               u - ring of protection from cold
                                i - ring of poison resistance

@: very slightly contaminated, not resistant to hostile enchantments, unstealthy
A: no striking features
a: no special abilities


You were on level 5 of the Dungeon.
You were hungry.

You visited 1 branch of the dungeon, and saw 5 of its levels.

You collected 170 gold pieces.

Inventory:

Hand Weapons
 n - a +0 spear (weapon)
Armour
 a - a +0 robe (worn)
 j - a +0 helmet (worn)
 r - a +0 buckler (worn)
Jewellery
 i - a ring of poison resistance (left hand)
 o - an amulet of regeneration (around neck)
 u - a ring of protection from cold (right hand)
Scrolls
 d - 2 scrolls of fog
 f - a scroll of immolation {unknown}
 s - 3 scrolls of teleportation
Potions
 e - a potion of agility
 g - 2 potions of heal wounds {unknown}
 h - 3 potions of curing
 k - 2 potions of ambrosia
 m - 3 potions of magic {unknown}
 q - 2 potions of might {unknown}
 t - a potion of mutation {unknown}
 w - a potion of haste {unknown}
Books
 b - a book of Flames

   Spells                             Type                      Level
   a - Flame Tongue                   Conjuration/Fire             1
   b - Throw Flame                    Conjuration/Fire             2
   c - Conjure Flame                  Conjuration/Fire             3
   d - Inner Flame                    Hexes/Fire                   3
   e - Sticky Flame                   Conjuration/Fire             4
   f - Fireball                       Conjuration/Fire             5
 p - a Young Poisoner's Handbook

   Spells                             Type                      Level
   a - Sting                          Conjuration/Poison           1
   b - Cure Poison                    Poison                       2
   c - Mephitic Cloud                 Conjuration/Poison/Air       3
   d - Olgreb's Toxic Radiance        Poison                       4
   e - Venom Bolt                     Conjuration/Poison           5
Comestibles
 c - 3 bread rations
 v - 2 meat rations


   Skills:
 - Level 2.4 Dodging
 - Level 2.4 Stealth
 + Level 3.1 Shields
 + Level 6.5 Spellcasting
 + Level 6.3 Conjurations
 * Level 6.0 Fire Magic


You had 4 spell levels left.
You knew the following spells:

 Your Spells              Type           Power        Failure   Level  Hunger
a - Flame Tongue          Conj/Fire      #####        1%          1    None
b - Throw Flame           Conj/Fire      #####.       1%          2    None
c - Conjure Flame         Conj/Fire      #####...     2%          3    None
d - Sticky Flame          Conj/Fire      #####...     10%         4    ###....
e - Fireball              Conj/Fire      #####.....   21%         5    #####..
f - Sting                 Conj/Pois      ###.         2%          1    None


Dungeon Overview and Level Annotations

Branches:
Dungeon (5/15)
 Temple: D:4-7

Altars:
Ashenzari
Gozag
Kikubaaqudgha
Xom

Shops:
D:5 *


Message History

You block the adder's attack. The crimson imp barely misses you.
The ogre hits you but does no damage.
Casting: Flame Tongue
Confirm with . or Enter, or press ? or * to list all spells.
Aiming: Flame Tongue
Press: ? - help, Shift-Dir - straight line, f/p - ogre
Aim: an ogre, wielding a giant club (moderately wounded)
The flame tongue hits the ogre.
The ogre is heavily wounded.
The adder bites you. The crimson imp hits you. The adder closely misses you.
Casting: Flame Tongue
Confirm with . or Enter, or press ? or * to list all spells.
Aiming: Flame Tongue
Press: ? - help, Shift-Dir - straight line, f/p - ogre
Aim: an ogre, wielding a giant club (heavily wounded)
The flame tongue hits the ogre.
The ogre is almost dead.
The crimson imp misses you. The ogre hits you with a giant club!!
Ouch! That really hurt!
You die...

...)..##≈≈....####...#### #......
......#####...'..'...#########.#.
...5..# #...####.......# #.#.
......### #.#.# #........# #.#.
........###.#.# #........#####.#.
#######.....#.###..............#.
########.####.#...#............#.
.......#.##....5_.......(......#.
.∩.............S@..............#.
.......#..#....O.....###......##.
..<....#..#.._..⌠.._.# #########.
..#....#..#..........# #.
.......#....#.......##### #.
....%.##...##..._...#...# #.
.#+###......#.....###...########.
..O......#.###.# #...##....##.
............ #.###...##.##[##.


You could see an ogre, a crimson imp and an adder.

Vanquished Creatures
  2 ice beasts (D:5)
  2 phantoms (D:4)
  3 ogres (D:4)
  A howler monkey (D:4)
  2 hounds (D:4)
  An orc wizard (D:4)
  2 iguanas
  A giant frog skeleton (D:4)
  A worker ant (D:4)
  Natasha (twice) (D:3)
  A mummy (D:4)
  A worker ant zombie (D:5)
  3 gnolls (D:4)
  6 adders
  A shadow imp (D:5)
  2 oozes
  An adder zombie (D:5)
  3 worms
  3 dart slugs (D:1)
  5 giant geckos
  4 orcs
  3 bats (D:2)
  5 giant cockroaches
  14 goblins
  8 hobgoblins
  6 jackals
  A ball python (D:2)
  A giant gecko skeleton (D:5)
  6 giant newts
  10 kobolds
  6 rats
107 creatures vanquished.

Notes
Turn   | Place    | Note
--------------------------------------------------------------
     0 | D:1      | Magifyre the Deep Elf Fire Elementalist began the quest for the Orb.
     0 | D:1      | Reached XP level 1. HP: 10/10 MP: 6/6
    98 | D:1      | Reached XP level 2. HP: 15/15 MP: 6/8
   283 | D:1      | Learned a level 2 spell: Throw Flame
   797 | D:1      | Reached XP level 3. HP: 19/19 MP: 5/10
   993 | D:2      | Learned a level 3 spell: Conjure Flame
  1515 | D:2      | Reached XP level 4. HP: 21/24 MP: 4/12
  1909 | D:3      | Noticed Natasha
  1923 | D:3      | Killed Natasha
  2121 | D:3      | Learned a level 4 spell: Sticky Flame
  2407 | D:3      | Noticed Natasha
  2410 | D:3      | Killed Natasha
  2410 | D:3      | Reached XP level 5. HP: 28/28 MP: 6/13
  2674 | D:4      | Noticed an ogre
  2682 | D:4      | Killed an ogre
  2682 | D:4      | Reached skill level 1 in Shields
  2859 | D:4      | Noticed an ogre
  2866 | D:4      | Killed an ogre
  2866 | D:4      | Reached skill level 5 in Spellcasting
  2866 | D:4      | Reached XP level 6. HP: 32/32 MP: 3/15
  3018 | D:4      | Reached skill level 5 in Fire Magic
  3087 | D:4      | Reached skill level 5 in Conjurations
  3230 | D:4      | Learned a level 5 spell: Fireball
  3246 | D:4      | Reached XP level 7. HP: 36/36 MP: 7/17
  4560 | D:5      | Entered Level 5 of the Dungeon
  4614 | D:5      | Found a shimmering altar of Xom.
  4619 | D:5      | Found an ancient bone altar of Kikubaaqudgha.
  4661 | D:5      | Found Ipal's General Store.
  4661 | D:5      | Found an opulent altar of Gozag.
  4675 | D:5      | Upgraded the game from 0.19-a0-700-gd2fa977 to 0.19-a0-705-gc8e9a4c
  4731 | D:5      | Learned a level 1 spell: Sting
  4988 | D:5      | Found a shattered altar of Ashenzari.
  5007 | D:5      | Reached XP level 8. HP: 38/41 MP: 12/19
  5256 | D:5      | Mangled by an ogre

Vault maps used:
D:1:      ncdulo_watergridlock, serial_bayou_crossing
D:2:      dk_noncrumbling_3, amethyst_killhole
D:3:      lemuel_upstairs_altar, uniq_natasha
D:4:      gup_ossuary_entry_pyramid, st_stairs_3, minmay_ogre_servants
D:5:      grunt_temple_overflow_open, serial_shops, shop, first_bread,
          kennysheep_nub, grunt_ministairs_5, minmay_misc_feat_encased

Skill      XL: |  1  2  3  4  5  6  7  8 |
---------------+-------------------------+-----
Conjurations   | 2 3 4 5 6 |  6.3
Spellcasting   | 4 5 6 |  6.5
Fire Magic     | 4 5 6 |  6.0
Shields        | 1 2 3 |  3.1
Dodging        | |  2.4
Stealth        | |  2.4

Action                   |  1- 3 |  4- 6 |  7- 9 || total
-------------------------+-------+-------+-------++-------
Melee: Spear             |       |    48 |   203 ||   251
 Cast: Flame Tongue      |    44 |    47 |    81 ||   172
       Throw Flame       |    24 |    28 |    15 ||    67
       Conjure Flame     |       |     8 |     9 ||    17
       Sting             |       |       |    32 ||    32
       Fireball          |       |       |     3 ||     3
       Sticky Flame      |       |       |     1 ||     1
  Use: Scroll            |       |     7 |     2 ||     9
  Eat: Chunk             |     2 |     6 |     7 ||    15
       Beef jerky        |       |       |     1 ||     1
Armor: Robe              |       |     1 |    31 ||    32
Dodge: Dodged            |     4 |     3 |   103 ||   110
Block: Buckler           |       |     3 |    42 ||    45
